 Dungeon Crawl Stone Soup version 0.32-a0-485-g70f7560b1c (webtiles) character file.

Game seed: 433230905232750701

19716 cforsyth the Cleaver (level 12, -6/92 HPs)
             Began as a Coglin Gladiator on Feb 26, 2024.
             Was a Believer of Hepliaklqana.
             Mangled by a bog body (23 damage)
             ... on level 10 of the Dungeon.
             The game lasted 00:30:42 (14561 turns).

cforsyth the Cleaver (Coglin Gladiator)            Turns: 14561, Time: 00:30:47

Health: -6/92      AC: 24    Str: 18    XL:     12   Next: 71%
Magic:  12/12      EV:  9    Int:  9    God:    Hepliaklqana [**....]
Gold:   1214       SH:  0    Dex: 16    Spells: 11/11 levels left

rFire   . . .        L - +4 war axe {Dongyul}
rCold   . . .        M - +3 hand axe {Zdislav}
rNeg    . . .        y - +0 chain mail
rPois   .            j - +2 helmet
rElec   .            J - +2 cloak {Will+}
rCorr   .            t - +1 pair of gloves
SInv    .            V - +1 pair of boots {Stlth+}
Will    +....        (no amulet) Stlth
                     (ring unavailable)
HPRegen 0.35/turn    (ring unavailable)
MPRegen 0.13/turn

%: no passive effects
@: revved
A: reduced essence, off-hand wielding, slow wielding, warmup strikes, no rings
a: Renounce Religion, Recall Ancestor, Ancestor Identity


You were on level 10 of the Dungeon.
You worshipped Hepliaklqana.
Hepliaklqana was pleased with you.
You visited 2 branches of the dungeon, and saw 12 of its levels.
You also visited: Ossuary and Bailey.

You collected 1643 gold pieces.
You spent 429 gold pieces at shops.


Innate Abilities, Weirdness & Mutations

Your life essence is reduced to manifest your ancestor. (-10% HP)
You can wield a second weapon in your off-hand.
It takes a long time for you to wield or remove held weapons.
Your first few attacks do less damage.
Your grasper-arms cannot wear rings.


   Skills:
 + Level 12.3 Fighting
 + Level 12.3 Axes
 - Level 1.7 Throwing
 + Level 11.0 Armour
 - Level 2.6 Dodging


You had 11 spell levels left.
You didn't know any spells.
Your spell library contained the following spells:

 Spells                   Type           Power      Damage    Failure   Level
 Ensorcelled Hibernation  Hex/Ice        0%         N/A       98%         2
 Ozocubu's Armour         Ice            0%         N/A       100%        3
 Passwall                 Erth           0%         N/A       100%        3
 Swiftness                Air            0%         N/A       100%        3
 Animate Armour           Summ/Erth      0%         N/A       100%        4
 Brom's Barrelling Bould  Conj/Erth      0%         2d3       100%        4
 Summon Lightning Spire   Summ/Air       0%         N/A       100%        4
 Fireball                 Conj/Fire      0%         3d3       100%        5
 Iskenderun's Battlesphe  Conj           0%         2d6       100%        5
 Lee's Rapid Deconstruct  Erth           0%         3d4*      100%        5
 Conjure Ball Lightning   Conj/Air       0%         3x3d6     100%        6
 Sculpt Simulacrum        Ice/Alch       0%         N/A       100%        6
 Haunt                    Necr/Summ      0%         N/A       100%        7
 Orb of Destruction       Conj           0%         9d5       100%        7
 Ozocubu's Refrigeration  Ice            0%         4d7       100%        7
 Borgnjor's Revivificati  Necr           0%         N/A       100%        8
 Death's Door             Necr           0%         N/A       100%        9
 Polar Vortex             Ice            0%         N/A       100%        9

Inventory:

Hand Weapons
 a - a +0 broad axe {Hilda}
 x - a +1 hand axe {Edeltraud}
 L - a +4 war axe (weapon) {Dongyul}
 M - a +3 hand axe (offhand) {Zdislav}
 N - a +0 war axe {Atia}
Missiles
 d - 3 throwing nets (quivered) {=f}
 e - 6 javelins
Armour
 j - a +2 helmet (worn)
 t - a +1 pair of gloves (worn)
 y - a +0 chain mail (worn)
 J - a +2 cloak of willpower (worn)
 U - a +0 pair of boots
 V - a +1 pair of boots of stealth (worn)
 W - the +4 scale mail "Atovamne" {*Corrode +Blink Str+2 Slay+2}
   (You bought it in a shop on level 11 of the Dungeon)

   Str+2:     It affects your strength (+2).
   Slay+2:    It affects your accuracy & damage with ranged weapons and melee
   (+2).
   +Blink:    It lets you blink.
   *Corrode:  It may corrode you when you take damage.
Magical Staves
 O - a staff of conjuration {!a}
 R - the staff of Isomob {rElec rF+ rC- rCorr Dex+6 Fire, !a}
   (You found it on level 9 of the Dungeon)

   [staff of fire]

   Base accuracy: +5 Base damage: 5 Base attack delay: 1.2 This weapon's minimum
   attack delay (0.6) is reached at skill level 12.
   Dex+6:     It affects your dexterity (+6).
   rF+:       It protects you from fire.
   rC-:       It makes you vulnerable to cold.
   rElec:     It insulates you from electricity.
   rCorr:     It protects you from acid and corrosion.
   Fire:      It increases the power of your Fire spells.
   It falls into the 'Staves' category.
   It is a one-graspered weapon.
 S - the staff of the Seven Demons {rElec rC+ Str+4 Air, !a}
   (You found it on level 9 of the Dungeon)

   [staff of air]

   Base accuracy: +5 Base damage: 5 Base attack delay: 1.2 This weapon's minimum
   attack delay (0.6) is reached at skill level 12.
   Str+4:     It affects your strength (+4).
   rC+:       It protects you from cold.
   rElec:     It insulates you from electricity.
   Air:       It increases the power of your Air spells.
   It falls into the 'Staves' category.
   It is a one-graspered weapon.
Wands
 g - a wand of flame (23)
 D - a wand of mindburst (6)
 Q - a wand of charming (6)
Scrolls
 b - 2 scrolls of poison
 h - 3 scrolls of fog
 i - 4 scrolls of teleportation {@r2}
 l - 4 scrolls of revelation
 m - 3 scrolls of amnesia {unknown}
 n - 4 scrolls of fear
 p - a scroll of summoning {unknown}
 r - 2 scrolls of silence {!r}
 s - a scroll of noise {unknown}
 u - 4 scrolls of enchant weapon
 v - 2 scrolls of immolation
 w - 2 scrolls of enchant armour
 A - 5 scrolls of blinking
 H - 2 scrolls of vulnerability {unknown}
Potions
 c - 2 potions of enlightenment
 f - 8 potions of curing {@q1}
 k - a potion of invisibility
 o - 2 potions of brilliance
 q - 4 potions of heal wounds {@q2}
 z - a potion of haste {@q3}
 B - 3 potions of attraction
 C - 3 potions of cancellation
 E - 2 potions of might
 F - 3 potions of lignification
 G - 3 potions of mutation
 I - a potion of resistance
 K - a potion of magic
Miscellaneous
 P - a tin of tremorstones (1/2)
 T - a phial of floods

Dungeon Overview and Level Annotations

Branches:
Dungeon (11/15)            Temple (1/1) D:7            Lair (0/5) D:11
    Orc (0/2) D:9         Ossuary (visited)          Bailey (visited)

Altars:
Ashenzari
Cheibriados
Dithmenos
Elyvilon
Fedhas
Gozag
Hepliaklqana
Kikubaaqudgha
Makhleb
Nemelex Xobeh
Okawaru
Qazlal
Ru
Sif Muna
Trog
Uskayaw
Vehumet
Wu Jian
Xom
Yredelemnul
Zin
The Shining One

Shops:
D:5 :   D:11 ([

Portals:
Trove: D:10 (give +2 storm dragon scales)

.#
#.########.####........##...
######.#
#......................
.......#
#.###.####......).##...
######## #.# #.#
#......#.###.# #### #.# #.#
#.#...<#.###.# ...# #.# #.#
#.##.......... ##.# #.# #.#
#........###.> #)#
#.###.#########.### #.#
##.#### #...).@n.# #.# #.#
......# #####[##.# #.# #.#
##.##.# #.##.## #.# #.#
#.##.# #.#...##▒ ▒▒▒ #.#
#.##.# #.......▒▒▒∩▒▒▒ #.#
#.##.# #.#...##▒.....▒ #.#
##.##.# #####.##.## ▒.▒.▒.▒
#.. ...##.# #.....##.#
▒.....▒ ### #####.#
#.###...)# ▒.▒.▒.▒


You could see a bog body.


Message History

You hit the polar bear with your +3 hand axe.
The ice encasing you melts away. The polar bear closely misses you.
The polar bear claws you but does no damage.
The polar bear claws you.
* * * LOW HITPOINT WARNING * * *
You hit the polar bear but do no damage.
The polar bear is almost dead.
You slash the polar bear with your +3 hand axe!
You kill the polar bear!
Your Armour skill increases to level 11!
Unknown command.
Unknown command.
The bog body touches you but does no damage.
You climb upwards.
There is a stone staircase leading down here.
Things that are here:
a +0 robe; a +0 falchion You hit the bog body with your +3 hand axe.
The bog body is lightly damaged.
You hit the bog body with your +4 war axe.
The bog body touches you but does no damage.
You hit the bog body with your +3 hand axe.
The bog body is lightly damaged.
You slash the bog body with your +4 war axe!
The bog body touches you!
* * * LOW HITPOINT WARNING * * *
The bog body freezes you!!
You die...
Hepliaklqana delivers you to your ancestors.

Skill      XL: |  1  2  3  4  5  6  7  8  9 10 11 12 |
---------------+-------------------------------------+-----
Armour         | 1 2 3 4 5 7 8 10 11 | 11.0
Fighting       | 3 4 5 6 8 9 11 12 | 12.3
Axes           | 4 5 7 8 10 11 12 | 12.3
Throwing       | |  1.7
Dodging        | |  2.6

Action                     |  1- 3 |  4- 6 |  7- 9 | 10-12 || total
---------------------------+-------+-------+-------+-------++-------
  Melee: War axe           |   118 |   167 |   364 |   302 ||   951
         Hand axe          |       |    52 |   351 |   363 ||   766
         Broad axe         |       |       |       |    78 ||    78
 Invoke: Recall Ancestor   |       |       |       |     2 ||     2
         Ancestor Life: Ba |       |       |       |     1 ||     1
  Evoke: Wand              |       |       |     4 |    15 ||    19
         Tin of tremorston |       |       |       |     1 ||     1
    Use: Scroll            |       |    11 |     7 |    10 ||    28
         Potion            |       |       |     2 |     2 ||     4
   Stab: Distracted        |       |       |       |     4 ||     4
 Armour: Leather armour    |    67 |    91 |       |       ||   158
         Chain mail        |       |    47 |   328 |   392 ||   767
  Dodge: Dodged            |    89 |   104 |   149 |   171 ||   513

Levels and vault maps discovered:
D:1:      giann_bridges, layout_rooms
D:2:      minmay_spotlight, layout_rooms, grunt_decor_mini_mirrors,
          minmay_pentomino_v4
D:3:      layout_rooms, nicolae_dithmenos_the_darkroom,
          mainiacjoe_overflow_cross_hatched,
          chequers_temple_overflow_statue_of_worship, basic_ecumenical_altar
D:4:      layout_basic, grunt_qazlal_sundering, old_standard_altar,
          chequers_serial_rivers_marsh, kennysheep_generic_room_11
D:5:      layout_basic, serial_shops, shop, nicolae_half_adder
D:6:      layout_basic, minmay_mini_ossuary
D:7:      layout_cave_pools, temple_green, nicolae_ossuary_entry_monument,
          uniq_crazy_yiuf_cottage
D:8:      layout_loops_corners, hangedman_ru_absence,
          eat_drink_and_be_merry_uskayaw, nzn_wu_jian_council_hall,
          enter_bailey_3, special_room [special_room_orc], serial_bayou_pond_a
D:9:      minmay_the_grid_net [minmay_the_grid_outer_diamond,
          minmay_the_grid_stretched_grid, minmay_the_grid_plusring,
          minmay_the_grid_small_cups, minmay_the_grid_spin_star,
          minmay_the_grid_prize_four_corners_diamond_a], layout_irregular_city,
          supply_closet_lemuel, roderic_lattice_a, kennysheep_donut, uniq_grum
D:10:     layout_loops_ring, zin_statuary, fedhas_bush_and_centaur_altar,
          mainiacjoe_overflow_alcove_1, kennysheep_mini,
          nicolae_trove_entry_columns
D:11:     dreamdust_isle_of_ice, layout_basic, erik_lair_orcish_takeover,
          serial_shops, nicolae_shop_pleasant_corner_grove,
          nicolae_shop_real_fake_doors, shop, nicolae_sif_muna_little_library,
          uniq_maurice, uniq_josephine
Temple:   hellmonk_temple_divided_pantheon

Notes
Turn   | Place    | Note
-------+----------+-------------------------------------------
     0 | D:1      | cforsyth the Coglin Gladiator began the quest for the Orb.
     0 | D:1      | Reached XP level 1. HP: 16/16 MP: 1/1
    45 | D:1      | Reached XP level 2. HP: 10/22 MP: 2/2
   332 | D:1      | Reached skill level 1 in Armour
   590 | D:2      | Reached XP level 3. HP: 27/28 MP: 3/3
   960 | D:2      | Reached XP level 4. HP: 31/34 MP: 4/4
   969 | D:2      | Reached skill level 3 in Fighting
  1342 | D:3      | Found a faded altar of an unknown god.
  1431 | D:3      | Found a shadowy altar of Dithmenos.
  1450 | D:3      | Found a burning altar of Makhleb.
  1453 | D:3      | Found an opulent altar of Gozag.
  1563 | D:3      | Reached skill level 2 in Armour
  1645 | D:3      | Found a sparkling altar of Nemelex Xobeh.
  2029 | D:4      | Found a stormy altar of Qazlal.
  2188 | D:3      | Reached skill level 4 in Axes
  2330 | D:3      | Reached XP level 5. HP: 16/41 MP: 5/5
  2477 | D:4      | Found a basalt altar of Yredelemnul.
  2785 | D:4      | Reached XP level 6. HP: 48/48 MP: 6/6
  2924 | D:4      | Reached skill level 4 in Fighting
  3341 | D:5      | Entered Level 5 of the Dungeon
  3359 | D:5      | Reached skill level 3 in Armour
  3535 | D:5      | Reached skill level 5 in Axes
  3535 | D:5      | Reached XP level 7. HP: 55/55 MP: 7/7
  3594 | D:5      | Reached skill level 5 in Fighting
  3599 | D:5      | Reached skill level 4 in Armour
  3970 | D:5      | Reached XP level 8. HP: 62/63 MP: 8/8
  4223 | D:5      | Found Wyecrira's Book Shoppe.
  4300 | D:6      | Reached skill level 6 in Axes
  4527 | D:6      | Reached skill level 6 in Fighting
  4588 | D:6      | Reached skill level 5 in Armour
  5509 | D:6      | Reached skill level 7 in Axes
  5867 | D:6      | Reached XP level 9. HP: 49/71 MP: 9/9
  6035 | D:7      | Reached skill level 7 in Fighting
  6053 | D:7      | Found a sand-covered staircase.
  6138 | Ossuary  | Entered an ossuary
  6237 | Ossuary  | Reached skill level 6 in Armour
  6630 | D:7      | Found a runed translucent door.
  6631 | D:7      | Noticed Crazy Yiuf
  6766 | D:7      | Found a staircase to the Ecumenical Temple.
  6775 | Temple   | Found a transporter.
  6775 | Temple   | Found a transporter.
  6775 | Temple   | Found a transporter.
  6775 | Temple   | Found a transporter.
  6775 | Temple   | Entered the Ecumenical Temple
  6816 | Temple   | Became a worshipper of Hepliaklqana the Forgotten
  6999 | Temple   | Killed an unseen horror
  7086 | D:7      | Reached skill level 8 in Axes
  7408 | D:7      | Killed Crazy Yiuf
  7480 | D:8      | Found a flagged portal.
  7485 | Bailey   | Entered a bailey
  7793 | Bailey   | Reached skill level 8 in Fighting
  8153 | Bailey   | Reached skill level 7 in Armour
  8159 | Bailey   | Reached XP level 10. HP: 81/81 MP: 10/10
  8257 | Bailey   | Noticed an orc warlord
  8402 | Bailey   | Noticed an orc knight
  8422 | Bailey   | Killed an orc knight
  8475 | Bailey   | Reached skill level 9 in Axes
  8740 | Bailey   | Killed an orc warlord
  8741 | Bailey   | Reached skill level 9 in Fighting
  9097 | D:8      | Acquired 669 gold pieces
  9123 | D:8      | Reached skill level 8 in Armour
  9257 | D:8      | Found a sacrificial altar of Ru.
  9284 | D:8      | Found a hide-covered altar of Uskayaw.
  9301 | D:8      | Got the Dissertation on the Crevasse
  9580 | D:8      | Reached * piety under Hepliaklqana
 10268 | D:8      | Found an ornate altar of the Wu Jian Council.
 10810 | D:9      | Noticed a kobold demonologist
 10815 | D:9      | Killed a kobold demonologist
 10816 | D:9      | Reached skill level 10 in Axes
 10816 | D:9      | Reached XP level 11. HP: 81/81 MP: 11/11
 10931 | D:8      | Reached skill level 10 in Fighting
 11154 | D:9      | Noticed a manticore
 11159 | D:9      | Killed a manticore
 11160 | D:9      | Reached skill level 9 in Armour
 11544 | D:9      | Noticed a two-headed ogre
 11552 | D:9      | Killed a two-headed ogre
 11666 | D:9      | Identified the staff of Isomob {rElec rF+ rC- rCorr Dex+6
                  | Fire}
 11666 | D:9      | Identified the staff of the Seven Demons {rElec rC+ Str+4
                  | Air}
 11673 | D:9      | Noticed a cyclops
 11683 | D:9      | Killed a cyclops
 11724 | D:9      | Noticed a two-headed ogre
 11725 | D:9      | Noticed a cyclops
 11728 | D:9      | Killed a two-headed ogre
 11729 | D:9      | Reached skill level 11 in Axes
 11991 | D:9      | Reached skill level 11 in Fighting
 12142 | D:9      | Noticed a two-headed ogre
 12151 | D:9      | Killed a two-headed ogre
 12308 | D:9      | Found a staircase to the Orcish Mines.
 12338 | D:9      | Killed a cyclops
 12438 | D:9      | You fall into a shaft and drop 2 floors!
 12441 | D:11     | Reached ** piety under Hepliaklqana
 12443 | D:11     | Remembered your ancestor Laocse as a battlemage
 12467 | D:11     | Reached skill level 10 in Armour
 12472 | D:11     | Noticed a cyclops
 12487 | D:11     | Killed a cyclops
 12488 | D:11     | Reached XP level 12. HP: 81/90 MP: 12/12
 12564 | D:11     | Noticed Maurice
 12570 | D:11     | Killed Maurice
 12631 | D:11     | Found a shimmering blue altar of Sif Muna.
 12876 | D:11     | Found Gaipaur's Antique Armour Emporium.
 12879 | D:11     | Bought a pair of embroidered boots for 195 gold pieces
 12879 | D:11     | Bought a fine scale mail for 234 gold pieces
 12879 | D:11     | Identified the +4 scale mail "Atovamne" {*Corrode +Blink
                  | Str+2 Slay+2} (You bought it in a shop on level 11 of the
                  | Dungeon)
 12916 | D:11     | Found Estaucat's Antique Weapon Boutique.
 12967 | D:11     | Noticed a two-headed ogre
 12976 | D:11     | Noticed a boulder beetle
 12989 | D:11     | Noticed Josephine
 12990 | D:11     | Killed a two-headed ogre
 12995 | D:11     | Killed Josephine
 13028 | D:11     | Killed a boulder beetle
 13168 | D:11     | Found a staircase to the Lair.
 13191 | D:11     | Identified a potion of resistance
 13231 | D:11     | Reached skill level 12 in Axes
 13251 | D:10     | Entered Level 10 of the Dungeon
 13284 | D:10     | Reached skill level 12 in Fighting
 13331 | D:10     | Found a blossoming altar of Fedhas.
 13527 | D:10     | Found a portal to a secret trove of treasure.
 13785 | D:10     | Noticed a two-headed ogre
 13792 | D:10     | Killed a two-headed ogre
 13964 | D:10     | Noticed a two-headed ogre
 13969 | D:10     | Killed a two-headed ogre
 14107 | D:10     | Found a bloodstained altar of Trog.
 14253 | D:10     | Found a shimmering blue altar of Sif Muna.
 14298 | D:10     | Found a glowing silver altar of Zin.
 14558 | D:11     | Reached skill level 11 in Armour
 14561 | D:10     | Mangled by a bog body

Vanquished Creatures
  An orc warlord (Bailey)
  Josephine (D:11)
  6 two-headed ogres
  An orc knight (Bailey)
  2 cyclopes
  A meliai (shapeshifter) (D:8)
  A gargoyle (D:9)
  A rime drake (D:11)
  An unseen horror (Temple)
  A komodo dragon (D:9)
  A kobold demonologist (D:9)
  5 trolls
  A hornet (D:9)
  A polar bear (D:11)
  4 wraiths (D:11)
  2 shadows
  A basilisk (D:9)
  3 yaks
  A vampire mosquito (D:8)
  2 acid dragons
  A water moccasin (D:8)
  12 orc warriors
  A sky beast (D:10)
  3 black bears
  6 centaurs
  2 ice beasts
  3 ogres
  3 wolves
  5 kobold brigands
  A gnoll sergeant (D:9)
  A bullfrog (D:8)
  4 scorpions
  10 wights
  4 killer bees
  2 howler monkeys
  An electric eel (D:9)
  4 centaur zombies (Ossuary)
  7 hounds
  A human zombie (Ossuary)
  Crazy Yiuf (D:7)
  3 bombardier beetles
  8 orc priests
  4 gnoll boudas
  8 orc wizards
  3 sleepcaps
  3 iguanas
  A wolf simulacrum (D:11)
  An ogre zombie (Ossuary)
  8 mummies
  17 gnolls
  11 adders
  3 white imps
  2 adder zombies (Ossuary)
  A ribbon worm (D:2)
  4 dart slugs
  56 orcs
  3 ball pythons
  6 bats
  16 endoplasms
  A giant cockroach (D:2)
  2 gnoll zombies (Ossuary)
  24 goblins
  8 hobgoblins
  33 kobolds
  7 quokkas
  6 frilled lizards
  2 goblin zombies (Ossuary)
  6 hobgoblin zombies
  8 kobold zombies
  2 orc zombies
  A quokka zombie (Ossuary)
  5 rat zombies (Ossuary)
372 creatures vanquished.

Vanquished Creatures (collateral kills)
  A boulder beetle (D:11)
  A cyclops (D:9)
  A manticore (D:9)
  Maurice (D:11)
  A troll (D:11)
  A steam dragon (D:9)
  2 orc warriors
  A wolf (D:11)
  A kobold brigand (D:9)
  A gnoll sergeant (D:9)
  2 wights (D:10)
  2 killer bees (D:10)
  2 orc priests (D:11)
  An orc wizard (D:11)
  A white imp (D:8)
  2 orcs (D:9)
  2 hobgoblins (Bailey)
  A kobold (D:9)
24 creatures vanquished.

Vanquished Creatures (others)
  3 battlemagi (D:11)
  3 ancestors (D:9)
  An orc (D:7)
7 creatures vanquished.

Grand Total: 403 creatures vanquished

Table legend: (Time is in decaauts)
 A = Elapsed time spent in this place.
 B = Non-inter-level travel time spent in this place.
 C = Inter-level travel time spent in this place.
 D = Time resting spent in this place.
 E = Time spent auto-exploring this place.
 F = Levels seen in this place.
 G = Mean time per level.
                   A        B        C        D        E       F      G
               +--------+--------+--------+--------+--------+-----+--------+
         Total |  14674 |  14345 |    329 |   2878 |   8143 |  14 | 1048.1 |
       Dungeon |  12285 |  11956 |    329 |   1847 |   7705 |  11 | 1116.8 |
        Temple |    300 |    300 |      0 |    160 |     15 |   1 |  300.0 |
       Ossuary |    463 |    463 |      0 |      5 |    304 |   1 |  463.0 |
        Bailey |   1624 |   1624 |      0 |    866 |    119 |   1 | 1624.0 |
               +--------+--------+--------+--------+--------+-----+--------+

Top non-repeatable levels by time:
     D:8: 1792 daAuts
  Bailey: 1624 daAuts
     D:9: 1584 daAuts
     D:6: 1470 daAuts
    D:10: 1233 daAuts
     D:5: 1194 daAuts
     D:3: 1156 daAuts
     D:4: 981 daAuts
    D:11: 872 daAuts
     D:2: 790 daAuts
     D:7: 677 daAuts
     D:1: 532 daAuts
 Ossuary: 463 daAuts
  Temple: 300 daAuts

Table legend:
 A = Non-vault XP
 B = Vault XP
 C = Vault XP percentage of total XP
 D = Non-vault monster count
 E = Vault monster count
 F = Vault count percentage of total count
                 A         B        C        D         E       F
            +---------+---------+-------+---------+---------+-------
      Total |   13438 |   14729 |  52.3 |     216 |     180 |  45.5
            +---------+---------+-------+---------+---------+-------
        D:1 |      31 |       0 |   0.0 |      15 |       0 |   0.0
        D:2 |      51 |      28 |  35.4 |      19 |      10 |  34.5
        D:3 |      87 |       0 |   0.0 |      18 |       0 |   0.0
        D:4 |     239 |       0 |   0.0 |      19 |       0 |   0.0
        D:5 |     960 |      78 |   7.5 |      21 |       6 |  22.2
        D:6 |    1031 |      22 |   2.1 |      28 |       5 |  15.2
        D:7 |     335 |      42 |  11.1 |      10 |       1 |   9.1
        D:8 |    1306 |    1064 |  44.9 |      27 |      33 |  55.0
        D:9 |    2858 |    5682 |  66.5 |      29 |      24 |  45.3
       D:10 |    2746 |     112 |   3.9 |      13 |       1 |   7.1
       D:11 |    3333 |    3996 |  54.5 |      12 |      21 |  63.6
     Temple |     461 |       0 |   0.0 |       5 |       0 |   0.0
    Ossuary |       0 |     421 | 100.0 |       0 |      37 | 100.0
     Bailey |       0 |    3284 | 100.0 |       0 |      42 | 100.0
            +---------+---------+-------+---------+---------+-------
